 Dungeon Crawl Stone Soup version 0.32-a0-520-g344ed53f66 (webtiles) character file.

Game seed: 12815221839656440324

11 cforsyth the Chopper (level 2, -1/23 HPs)
             Began as a Coglin Gladiator on Feb 27, 2024.
             Slain by a ribbon worm (5 damage)
             ... on level 2 of the Dungeon.
             The game lasted 00:01:03 (776 turns).

cforsyth the Chopper (Coglin Gladiator)              Turns: 776, Time: 00:01:04

Health: -1/23      AC:  6    Str: 18    XL:     2   Next: 29%
Magic:  2/2        EV:  6    Int:  6    God:
Gold:   12         SH:  0    Dex: 14    Spells: 1/1 levels left

rFire   . . .        a - +0 war axe {Sunngifu}
rCold   . . .        (no shield)
rNeg    . . .        b - +0 leather armour
rPois   .            c - +0 helmet
rElec   .            (no cloak)
rCorr   .            (no gloves)
SInv    .            (no boots)
Will    .....        (no amulet)
Stlth   +            (ring unavailable)
HPRegen 0.23/turn    (ring unavailable)
MPRegen 0.08/turn

%: no passive effects
@: held, revved
A: off-hand wielding, slow wielding, warmup strikes, no rings, iridescent scales
1, strong 1
a: no special abilities


You were on level 2 of the Dungeon.
You visited 1 branch of the dungeon, and saw 2 of its levels.

You collected 12 gold pieces.


Innate Abilities, Weirdness & Mutations

You can wield a second weapon in your off-hand.
It takes a long time for you to wield or remove held weapons.
Your first few attacks do less damage.
Your grasper-arms cannot wear rings.
You are partially covered in iridescent scales. (AC +2)
Your muscles are strong. (Str +4, Int/Dex -1)


   Skills:
 + Level 2.3 Fighting
 + Level 3.2 Axes
 - Level 1.7 Throwing
 + Level 0.7 Armour
 - Level 2.6 Dodging


You had one spell level left.
You didn't know any spells.
Your spell library contained the following spells:

 Spells                   Type           Power      Damage    Failure   Level
 Mercury Vapours          Alch/Air       0%         N/A       65%         2
 Mephitic Cloud           Conj/Alch/Air  0%         N/A       87%         3
 Freezing Cloud           Conj/Ice/Air   0%         6-21      100%        5

Inventory:

Hand Weapons
 a - a +0 war axe (weapon) {Sunngifu}
Missiles
 d - 3 throwing nets (quivered) {=f}
 e - a javelin
Armour
 b - a +0 leather armour (worn)
 c - a +0 helmet (worn)
Scrolls
 f - 2 scrolls of identify {unknown}
 h - a scroll of teleportation {unknown}

Dungeon Overview and Level Annotations

Branches:
Dungeon (2/15)

Altars:

..# #.# #.# #.#
#####.########
#............#
######..#########.#
..............# #.#
▒.......@....▒# #.#
▒.......wb~..▒ #.#
▒.....w†~..~.▒ #.#
~...~~..~..~~~▒ #.#
~..~..~..~..~~~▒#>#
~..~..~⌠.~...~~▒#.#
~).=~.⌠~..~..~~▒..#
~~..~..~..~..~~▒.##
~~~..~..~~...~▒▒.#


You could see 2 ribbon worms and a bat.


Message History

You closely miss the bat. You hit the rat.
You kill the rat!
The bat hits you but does no damage. x2
You hit the bat but do no damage. You hit the rat.
You kill the rat!
The bat closely misses you. The bat barely misses you.
You hit the bat but do no damage. The bat hits you but does no damage.
The ribbon worm misses you.
You slash the ribbon worm!
The ribbon worm is heavily wounded.
The bat barely misses you. The bat misses you. The ribbon worm bites you!
You hit the ribbon worm but do no damage.
The ribbon worm is heavily wounded.
You hit the ribbon worm. You miss the bat. The bat barely misses you.
The ribbon worm bites you!
* * * LOW HITPOINT WARNING * * *
The ribbon worm bites you.
* * * LOW HITPOINT WARNING * * *
Unknown command.
The bat barely misses you.
The ribbon worm expels a string of sticky webbing.
The stream of webbing hits you but does no damage.
You are caught in a web!
There is a web here.
Unknown command.
It was a potion of mutation.
You feel extremely strange.
Iridescent scales grow over part of your body.
You feel stronger. The bat hits you but does no damage.
The ribbon worm bites you.
You die...

Action                     || total
---------------------------++-------
  Melee: War axe           ||    31
    Use: Potion            ||     1
 Armour: Leather armour    ||    29
  Dodge: Dodged            ||    30

Levels and vault maps discovered:
D:1:      tekkud_arrival_beachfront_property, layout_loops_ring,
          hellmonk_ecumenical_altar_pennies_from_heaven, minmay_misc_feat_room
D:2:      cheibrodos_helix_gallery, layout_basic, serial_rivers,
          chequers_serial_rivers_large_a, chequers_serial_rivers_micro_e,
          chequers_serial_rivers_micro_c, chequers_serial_rivers_micro_e,
          uniq_robin

Notes
Turn   | Place    | Note
-------+----------+-------------------------------------------
     0 | D:1      | cforsyth the Coglin Gladiator began the quest for the Orb.
     0 | D:1      | Reached XP level 1. HP: 16/16 MP: 1/1
   283 | D:1      | Found a faded altar of an unknown god.
   325 | D:1      | Reached XP level 2. HP: 22/22 MP: 2/2
   776 | D:2      | Gained mutation: You are partially covered in iridescent
                  | scales. (AC +2) [potion of mutation]
   776 | D:2      | Gained mutation: Your muscles are strong. (Str +4, Int/Dex
                  | -1) [potion of mutation]
   776 | D:2      | Slain by a ribbon worm

Vanquished Creatures
  A dart slug (D:1)
  A ball python (D:2)
  3 goblins (D:1)
  A hobgoblin (D:1)
  3 rats
9 creatures vanquished.

Table legend: (Time is in decaauts)
 A = Elapsed time spent in this place.
 B = Non-inter-level travel time spent in this place.
 C = Inter-level travel time spent in this place.
 D = Time resting spent in this place.
 E = Time spent auto-exploring this place.
 F = Levels seen in this place.
 G = Mean time per level.
                   A        B        C        D        E       F      G
               +--------+--------+--------+--------+--------+-----+--------+
         Total |    791 |    771 |     20 |      0 |    650 |   2 |  395.5 |
       Dungeon |    791 |    771 |     20 |      0 |    650 |   2 |  395.5 |
               +--------+--------+--------+--------+--------+-----+--------+

Top non-repeatable levels by time:
     D:1: 694 daAuts
     D:2: 96 daAuts

Table legend:
 A = Non-vault XP
 B = Vault XP
 C = Vault XP percentage of total XP
 D = Non-vault monster count
 E = Vault monster count
 F = Vault count percentage of total count
                 A         B        C        D         E       F
            +---------+---------+-------+---------+---------+-------
      Total |      16 |       1 |   5.9 |       8 |       1 |  11.1
            +---------+---------+-------+---------+---------+-------
        D:1 |      13 |       0 |   0.0 |       6 |       0 |   0.0
        D:2 |       3 |       1 |  25.0 |       2 |       1 |  33.3
            +---------+---------+-------+---------+---------+-------
